 Dungeon Crawl Stone Soup version 0.26-a0-639-g72c4674329 (webtiles) character file.

Game seed: 10846617722882433792

55799 Kaptain the Protected (level 14, -7/133 HPs)
             Began as a Minotaur Fighter on Sept 15, 2020.
             Mangled by an ettin
             ... wielding a +0 dire flail
              (33 damage)
             ... on level 1 of the Orcish Mines.
             The game lasted 01:16:17 (21596 turns).

Kaptain the Protected (Minotaur Fighter)           Turns: 21596, Time: 01:16:18

Health: -7/133     AC: 19    Str: 23    XL:     14   Next: 39%
Magic:  0/31       EV: 11    Int:  9    God:
Gold:   1197       SH: 15    Dex: 15    Spells: 23/25 levels left

rFire    . . .     SeeInvis +   a - +7 whip of the Foot {protect, +Fly Dex+6 Stlth+}
rCold    + . .     Faith    .   c - +1 kite shield
rNeg     . . .     Spirit   +   E - +0 chain mail of the Beginning {MR+ MP+9}
rPois    +         Reflect  .   (helmet restricted)
rElec    .         Harm     .   F - +0 cloak
rCorr    .         Rampage  .   B - +0 pair of gloves
MR       ++...     Clarity  +   I - +1 pair of boots {run}
Stlth    ..........             h - amulet of guardian spirit
HPRegen  0.32/turn              f - ring of see invisible
MPRegen  0.22/turn              X - ring of poison resistance

@: studying Unarmed Combat, quick
A: retaliatory headbutt, horns 2, clarity, cold resistance 1
a: Evoke Flight


You were on level 1 of the Orcish Mines.
You visited 4 branches of the dungeon, and saw 19 of its levels.
You also visited: Gauntlet and Ice Cave.

You collected 1819 gold pieces.
You spent 622 gold pieces at shops.

Inventory:

Hand Weapons
 a - the +7 whip of the Foot (weapon) {protect, +Fly Dex+6 Stlth+}
   (You found it on level 7 of the Dungeon)

   It grants its wielder temporary protection when it strikes (+7 to AC).
   It affects your dexterity (+6).
   It lets you fly.
   It makes you more stealthy.
 j - the +6 arbalest "Worm" {venom, rElec rC+ Int+2}
   (You found it on level 11 of the Dungeon)

   It poisons the ammo it fires.
   It affects your intelligence (+2).
   It protects you from cold.
   It insulates you from electricity.
 D - a +4 scimitar of flaming
Missiles
 g - 25 silver javelins (quivered)
Armour
 c - a +1 kite shield (worn)
 q - the +1 ring mail "Ygeonwal" {rPois Str+4}
   (You found it in a Gauntlet)

   It affects your strength (+4).
   It protects you from poison.
 B - a +0 pair of gloves (worn)
 E - the +0 chain mail of the Beginning (worn) {MR+ MP+9}
   (You found it on level 6 of the Lair of Beasts)

   It affects your resistance to hostile enchantments.
   It affects your magic capacity (+9).
 F - a +0 cloak (worn)
 I - a +1 pair of boots of running (worn)
Jewellery
 f - a ring of see invisible (left hand)
 h - an amulet of guardian spirit (around neck)
 t - a +4 ring of protection
 v - the ring of Deigaet {Ice MR+ SInv Stlth-}
   (You found it in a Gauntlet)

   [ring of ice]

   It enhances your ice magic.
   It makes you vulnerable to fire.
   It protects you from cold.
   It affects your resistance to hostile enchantments.
   It lets you see invisible.
   It makes you less stealthy.
 X - a ring of poison resistance (right hand)
Wands
 k - a wand of enslavement (27)
 s - a wand of digging (11)
 C - a wand of iceblast (6)
 J - a wand of acid (14)
 L - a wand of polymorph (6)
 N - a wand of flame (41)
 P - a wand of disintegration (13)
 U - a wand of paralysis (6)
Scrolls
 n - 14 scrolls of remove curse
 o - 9 scrolls of teleportation
 p - 3 scrolls of immolation
 u - 4 scrolls of fear
 y - 2 scrolls of fog
 z - 2 scrolls of enchant armour
 A - 2 scrolls of enchant weapon
 M - 12 scrolls of identify
 T - a scroll of blinking
 V - a scroll of brand weapon
Potions
 d - 2 potions of might
 e - 8 potions of stabbing
 m - 9 potions of curing
 r - 2 potions of magic
 w - 2 potions of flight
 x - a potion of resistance
 G - a potion of mutation
 H - a potion of berserk rage
 R - 3 potions of haste
 S - 3 potions of invisibility
 Y - a potion of brilliance
Books
 O - a manual of Unarmed Combat
Miscellaneous
 b - a phial of floods


   Skills:
 * Level 14.7 Fighting
   Level 6.9(9.2) Axes
 + Level 9.4(10.3) Maces & Flails
 * Level 14.8 Armour
 - Level 5.0 Dodging
 * Level 14.8 Shields
 + Level 6.1 Spellcasting


You had 23 spell levels left.
You knew the following spells:

 Your Spells              Type           Power        Failure   Level
a - Swiftness             Air            #.......     83%         2

Your spell library contained the following spells:

 Spells                   Type           Power        Failure   Level
 Animate Skeleton         Necr           #.....       69%         1
 Apportation              Tloc           #.....       69%         1
 Beastly Appendage        Tmut           #.....       69%         1
 Corona                   Hex            #......      69%         1
 Pain                     Necr           #...         69%         1
 Shock                    Conj/Air       #...         69%         1
 Summon Small Mammal      Summ           #...         69%         1
 Ensorcelled Hibernation  Hex/Ice        #.....       83%         2
 Wereblood                Tmut           #.......     83%         2
 Confusing Touch          Hex            #.......     96%         3
 Dazzling Flash           Conj/Hex       #.....       96%         3
 Spider Form              Tmut/Pois      #.........   96%         3
 Static Discharge         Conj/Air       #.......     96%         3
 Tukima's Dance           Hex            #.......     96%         3
 Vampiric Draining        Necr           #.........   96%         3
 Airstrike                Air            #.........   100%        4
 Animate Dead             Necr           #.........   100%        4
 Ice Form                 Ice/Tmut       #.......     100%        4
 Agony                    Necr           #.......     100%        5
 Blade Hands              Tmut           #.........   100%        5
 Borgnjor's Vile Clutch   Necr/Erth      #.........   100%        5
 Lightning Bolt           Conj/Air       #.........   100%        5
 Metabolic Englaciation   Hex/Ice        #.........   100%        5
 Silence                  Hex/Air        #.........   100%        5
 Freezing Cloud           Conj/Ice/Air   #.........   100%        6
 Ozocubu's Refrigeration  Ice            #.........   100%        6
 Shadow Creatures         Summ           N/A          100%        6
 Simulacrum               Ice/Necr       #.........   100%        6


Dungeon Overview and Level Annotations

Branches:
Dungeon (11/15)            Temple (1/1) D:7            Lair (6/6) D:8
  Swamp (0/4) Lair:2        Snake (0/4) Lair:2        Slime (0/5) Lair:5
    Orc (1/2) D:11          IceCv (visited)         Gauntlet (visited)

Altars:
Ashenzari
Cheibriados
Dithmenos
Elyvilon
Fedhas
Gozag
Hepliaklqana
Kikubaaqudgha
Makhleb
Nemelex Xobeh
Okawaru
Qazlal
Ru
Sif Muna
Trog
Uskayaw
Vehumet
Wu Jian
Xom
Yredelemnul
Zin
The Shining One

Shops:
D:5 :   D:8 [   D:9 }

Annotations:
Lair:5 exclusion: 3 oklob plants


Innate Abilities, Weirdness & Mutations

You reflexively headbutt those who attack you in melee.
You have a pair of horns on your head.
You possess an exceptional clarity of mind.
Your flesh is cold resistant. (rC+)


Message History

You hit the ettin but do no damage.
The ettin is heavily wounded.
You hit the ettin but do no damage.
The ettin is heavily wounded.
The ettin hits you with a +0 dire flail.
The ettin hits you with a +0 dire flail!!
There is a staircase back to the Dungeon here.
Evoke which item? (* to show all) (? for menu, Esc to quit)
Press: ? - help, Shift-Dir - straight line, f - orc
Aim: an orc, wielding a +0 dagger and wearing a +0 leather armour The bolt of acid misses the ettin.
The bolt of acid hits the orc.
The orc is splashed with acid.
The acid corrodes the orc!
You kill the orc!
The orc high priest invokes the aid of Beogh against you.
Beogh smites you!
* * * LOW HITPOINT WARNING * * *
The ettin hits you with a +0 dire flail!
* * * LOW HITPOINT WARNING * * *
The ettin hits you with a +0 dire flail!!!
You die...

#.....
.....###...
##..........
##...........
##......#.....
#..........$# .
#...o..)....
... #@C...#
#....
##....o##.o...#
#......3.4..#
##.#.#.##o4....
####### .....
.### #


You could see an ettin, an orc high priest, an ice devil (summoned), a sixfirhy
(summoned), an orc warrior and an orc.

Vanquished Creatures
  A minotaur (Gauntlet)
  Snorg (Lair:4)
  A great orb of eyes (Gauntlet)
  6 hydras
  Erolcha (D:9)
  Erica (D:9)
  A two-headed ogre (D:9)
  Urug (D:11)
  A thrashing horror (Gauntlet)
  Sonja (D:10)
  A sixfirhy (Gauntlet)
  4 unseen horrors
  A necromancer (IceCv)
  A lindwurm (Lair:6)
  2 ugly things (Gauntlet)
  3 oklob plants (Lair:6)
  A manticore (D:9)
  6 black mambas
  A gargoyle (D:11)
  4 ice statues (IceCv)
  12 cane toads
  A torpor snail (Lair:4)
  9 komodo dragons
  2 rime drakes
  5 ice devils (IceCv)
  4 polar bears
  4 hornets (Lair:6)
  19 blink frogs
  A dream sheep (Lair:6)
  3 hippogriffs
  15 spriggans (Lair:6)
  2 wyverns
  28 yaks
  2 basilisks
  2 small abominations (Gauntlet)
  A naga (Lair:2)
  19 water moccasins
  7 porcupines
  16 ice beasts
  3 orc warriors
  A hornet zombie (D:8)
  3 phantoms
  4 black bears
  8 sky beasts
  7 ogres
  21 wolves
  4 boggarts (Lair:6)
  A necrophage (D:6)
  20 centaurs
  14 crocodiles
  Blork the orc (D:6)
  13 bullfrogs
  A gnoll sergeant (D:8)
  A wyvern skeleton (D:10)
  6 scorpions
  6 howler monkeys
  14 wights
  A centaur zombie (D:6)
  2 bullfrog zombies
  A bullfrog skeleton (D:10)
  4 hounds
  A draconian simulacrum (IceCv)
  3 jellies
  7 orc priests
  2 centaur skeletons
  10 orc wizards
  Jessica (D:2)
  7 iguanas
  A spriggan simulacrum (IceCv)
  Natasha (D:2)
  5 hell rats (Lair:3)
  3 troll simulacra (IceCv)
  6 worker ants
  A killer bee zombie (D:6)
  2 centaur simulacra (IceCv)
  4 hound zombies
  A mummy (D:8)
  A howler monkey zombie (D:7)
  2 worker ant zombies
  Robin (D:2)
  2 howler monkey skeletons (D:7)
  16 adders
  10 gnolls
  2 naga simulacra (IceCv)
  An ogre simulacrum (IceCv)
  15 river rats (Lair:3)
  3 shadow imps
  8 white imps
  6 ufetubi
  2 oozes
  An adder zombie (D:7)
  3 adder skeletons
  3 worms
  4 dart slugs
  4 leopard geckos
  37 orcs
  2 ball pythons
  6 giant cockroaches
  10 hobgoblins
  12 jackals
  11 kobolds
  6 quokkas
  13 bats
  A frilled lizard (D:2)
  15 goblins
  A leopard gecko skeleton (D:6)
  12 rats
592 creatures vanquished.

Vanquished Creatures (others)
  50 fungi
  55 plants
105 creatures vanquished.

Grand Total: 697 creatures vanquished

Notes
Turn   | Place    | Note
-------+----------+-------------------------------------------
     0 | D:1      | Kaptain the Minotaur Fighter began the quest for the Orb.
     0 | D:1      | Reached XP level 1. HP: 19/19 MP: 0/0
   190 | D:1      | Reached XP level 2. HP: 26/27 MP: 1/1
   509 | D:1      | Reached XP level 3. HP: 33/33 MP: 2/2
   653 | D:2      | Noticed Robin
   663 | D:2      | Killed Robin
   663 | D:2      | Reached skill level 1 in Dodging
   850 | D:2      | Found a burning altar of Makhleb.
   857 | D:2      | Found an opulent altar of Gozag.
   863 | D:2      | Reached XP level 4. HP: 35/40 MP: 3/3
  1117 | D:2      | Noticed Jessica
  1126 | D:2      | Killed Jessica
  1126 | D:2      | Reached XP level 5. HP: 37/47 MP: 4/4
  1359 | D:2      | Noticed Natasha
  1372 | D:2      | Killed Natasha
  1887 | D:3      | Found a white marble altar of Elyvilon.
  1955 | D:3      | Found a bloodstained altar of Trog.
  2007 | D:3      | Reached skill level 1 in Spellcasting
  2249 | D:4      | Found a basalt altar of Yredelemnul.
  2252 | D:4      | Found a glowing golden altar of the Shining One.
  2258 | D:4      | Noticed an angel
  2317 | D:4      | Reached skill level 5 in Armour
  2317 | D:4      | Reached XP level 6. HP: 53/53 MP: 6/6
  2334 | D:4      | Reached skill level 5 in Shields
  2384 | D:4      | Reached skill level 5 in Fighting
  2617 | D:4      | Noticed a profane servitor
  2874 | D:5      | Entered Level 5 of the Dungeon
  2925 | D:5      | Reached XP level 7. HP: 29/61 MP: 3/8
  3091 | D:5      | Found Jeuthrep's Book Shoppe.
  3445 | D:5      | Reached skill level 5 in Axes
  3984 | D:5      | Reached XP level 8. HP: 65/70 MP: 7/9
  4847 | D:6      | Noticed Blork the orc
  4865 | D:6      | Reached XP level 9. HP: 76/79 MP: 11/11
  4888 | D:6      | Killed Blork the orc
  4977 | D:7      | Found a staircase to the Ecumenical Temple.
  4984 | Temple   | Entered the Ecumenical Temple
  5324 | D:7      | Found a white marble altar of Elyvilon.
  5414 | D:7      | Found an iron altar of Okawaru.
  5435 | D:7      | Got a brightly glowing whip
  5454 | D:7      | Identified the +7 whip of the Foot {protect, +Fly Dex+6
                  | Stlth+} (You found it on level 7 of the Dungeon)
  5545 | D:7      | Reached skill level 1 in Maces & Flails
  6326 | D:7      | Reached XP level 10. HP: 84/90 MP: 13/13
  6405 | D:7      | Found a blossoming altar of Fedhas.
  6581 | D:8      | Reached skill level 5 in Dodging
  6777 | D:8      | Found Peduy's Antique Armour Shop.
  6784 | D:8      | Bought a pair of glowing boots for 202 gold pieces
  6789 | D:8      | Identified a +0 pair of boots of running (You bought it in
                  | a shop on level 8 of the Dungeon)
  6792 | D:8      | Found a staircase to the Lair.
  6843 | D:8      | Found a snail-covered altar of Cheibriados.
  7049 | D:8      | Found a glowing golden altar of the Shining One.
  7387 | Lair:1   | Entered Level 1 of the Lair of Beasts
  7459 | Lair:1   | Noticed a black mamba
  7468 | Lair:1   | Killed a black mamba
  7642 | Lair:1   | Noticed a cane toad
  7654 | Lair:1   | Killed a cane toad
  7701 | Lair:1   | Got a shimmering hand axe
  7706 | Lair:1   | Identified the +6 hand axe of Instinct {vorpal, *Slow rElec
                  | Str+7 Stlth+} (You found it on level 1 of the Lair of
                  | Beasts)
  8173 | Lair:1   | Reached skill level 10 in Armour
  8173 | Lair:1   | Reached skill level 10 in Shields
  8215 | Lair:1   | Reached skill level 10 in Fighting
  8641 | Lair:2   | Found a basalt altar of Yredelemnul.
  8687 | Lair:2   | Found a staircase to the Swamp.
  8713 | Lair:2   | Reached XP level 11. HP: 80/99 MP: 12/15
  8826 | Lair:2   | Identified Ifaej's Volume of Ice
  8835 | Lair:2   | Found a staircase to the Snake Pit.
  9251 | Lair:2   | Reached skill level 5 in Maces & Flails
  9698 | Lair:3   | Noticed a six-headed hydra
  9698 | Lair:3   | Noticed a four-headed hydra
  9814 | Lair:3   | Gained mutation: Your flesh is cold resistant. (rC+)
                  | [potion of mutation]
  9814 | Lair:3   | Gained mutation: You possess an exceptional clarity of
                  | mind. [potion of mutation]
  9814 | Lair:3   | Lost mutation: You possess an exceptional clarity of mind.
                  | [potion of mutation]
  9814 | Lair:3   | Gained mutation: You possess an exceptional clarity of
                  | mind. [potion of mutation]
  9928 | Lair:3   | Noticed a six-headed hydra
  9946 | Lair:3   | Killed a six-headed hydra
 10380 | Lair:3   | Killed a four-headed hydra
 10889 | Lair:3   | Killed a six-headed hydra
 10889 | Lair:3   | Reached XP level 12. HP: 90/110 MP: 14/17
 11595 | Lair:4   | Got an ichor-stained leather armour
 11596 | Lair:4   | Identified the +1 leather armour of Uniepnat {rC+ MR+++
                  | Dex+6 Stlth-} (You found it on level 4 of the Lair of
                  | Beasts)
 11800 | Lair:4   | Noticed Snorg
 11821 | Lair:4   | Killed Snorg
 13047 | Lair:5   | Found a staircase to the Slime Pits.
 13575 | Lair:6   | Entered Level 6 of the Lair of Beasts
 13597 | Lair:6   | Found a frozen archway.
 13625 | IceCv    | Entered an ice cave
 13675 | IceCv    | Reached skill level 5 in Spellcasting
 14567 | Lair:6   | Noticed a four-headed hydra
 14570 | Lair:6   | Noticed a six-headed hydra
 14911 | Lair:6   | Reached XP level 13. HP: 101/119 MP: 16/19
 15015 | Lair:6   | Paralysed by a hornet for 1 turns
 16322 | Lair:6   | Found the +8 Wrath of Trog {antimagic, *Rage}
 16334 | Lair:6   | Got a brightly glowing chain mail
 16337 | Lair:6   | Identified the cursed +0 chain mail of the Beginning {MR+
                  | MP+9} (You found it on level 6 of the Lair of Beasts)
 17863 | D:9      | Found Plog's Gadget Emporium.
 18060 | D:5      | Bought a book of Air for 420 gold pieces
 18063 | D:5      | Learned a level 2 spell: Swiftness
 18323 | D:9      | Noticed Erolcha
 18327 | D:9      | Killed Erolcha
 18358 | D:9      | Noticed Erica
 18365 | D:9      | Killed Erica
 18513 | D:9      | Found a sparkling altar of Nemelex Xobeh.
 18664 | D:9      | Reached XP level 14. HP: 132/132 MP: 21/21
 18871 | D:10     | Entered Level 10 of the Dungeon
 19167 | D:10     | Noticed Sonja
 19186 | D:10     | Killed Sonja
 19483 | D:11     | Noticed Urug
 19494 | D:11     | Killed Urug
 19527 | D:11     | Found a gate leading to a gauntlet.
 19530 | D:11     | Got a faintly glowing arbalest
 19540 | Gauntlet | Entered a Gauntlet
 19540 | Gauntlet | Found a transporter.
 19540 | Gauntlet | Found a transporter.
 19545 | Gauntlet | Found a transporter.
 19561 | Gauntlet | Found a transporter.
 19576 | Gauntlet | Found a transporter.
 19589 | Gauntlet | Found a transporter.
 19678 | Gauntlet | Found a transporter.
 19687 | Gauntlet | Found a transporter.
 19708 | Gauntlet | Found a transporter.
 19718 | Gauntlet | Found a transporter.
 19721 | Gauntlet | Found a transporter.
 19809 | Gauntlet | Found a transporter.
 19825 | Gauntlet | Found a transporter.
 19827 | Gauntlet | Found a transporter.
 19836 | Gauntlet | Found a transporter.
 19836 | Gauntlet | Found a transporter.
 19923 | Gauntlet | Identified the +6 arbalest "Worm" {venom, rElec rC+ Int+2}
                  | (You found it on level 11 of the Dungeon)
 20214 | Gauntlet | Got a jewelled ring mail
 20215 | Gauntlet | Identified the +1 ring mail "Ygeonwal" {rPois Str+4} (You
                  | found it in a Gauntlet)
 20285 | Gauntlet | Got a slimy ivory ring
 20286 | Gauntlet | Identified the ring of Deigaet {Ice MR+ SInv Stlth-} (You
                  | found it in a Gauntlet)
 20591 | D:11     | Found a sacrificial altar of Ru.
 20903 | D:11     | Found a staircase to the Orcish Mines.
 21570 | Orc:1    | Entered Level 1 of the Orcish Mines
 21575 | Orc:1    | Noticed a stone giant
 21596 | Orc:1    | Mangled by an ettin

Illustrated notes

Levels and vault maps discovered:
D:1:      minmay_arrival_widening_spiral_wide, layout_basic
D:2:      layout_rooms, overflow_temple_1_default, lemuel_crystal_altar,
          uniq_jessica, uniq_robin, uniq_natasha
D:3:      layout_rooms, lightli_temple_of_fire, elyvilon_altar_5
D:4:      layout_rooms, grunt_temple_overflow_holy_war
D:5:      layout_loops_corners, serial_shops, shop_fountains
D:6:      minmay_octagon_keep, layout_basic, uniq_blork_the_orc
D:7:      minmay_the_grid_octo_tiled_squarecenter
          [minmay_the_grid_octo_thin_diamonds, minmay_the_grid_octo_focus,
          minmay_the_grid_octo_pinwheel, minmay_the_grid_octo_concentric,
          minmay_the_grid_square_5x5_megaprize_hollow,
          minmay_the_grid_square_5x5_inner_v,
          minmay_the_grid_square_5x5_misaligned,
          minmay_the_grid_square_5x5_shrine1,
          minmay_the_grid_square_5x5_checkered_sparse], layout_basic,
          kennysheep_mini, fedhas_altar_fruit_tree,
          minmay_temple_entry_crystal_x
D:8:      layout_loops_ring, slow_altar_1, dpeg_oklobed_lair, serial_shops,
          shop, chequers_mini_garden, nicolae_tso_carved_into_rock
D:9:      kennysheep_blocky_room, layout_irregular_city,
          nemelex_xobeh_ov_fountains_minmay, serial_shops, shop_coins,
          uniq_erica, uniq_erolcha
D:10:     layout_layer_cave, uniq_sonja
D:11:     layout_long_grid, orc_0_dummy, gauntlet_entry_generic,
          nicolae_ru_awakened_eye, uniq_urug
Temple:   oiseaux_autumnal_temple
Lair:1:   layout_chaotic_city
Lair:2:   layout_chaotic_city, minmay_swamp_entry_reptiles,
          guppyfry_snake_entry_garden, basic_altar
Lair:3:   lemuel_ratsnest, layout_chaotic_city
Lair:4:   layout_cave_pods, serial_bayou_shore_b, grunt_megastairs_3,
          serial_bayou_shore_b, uniq_snorg
Lair:5:   layout_roguey, minmay_slime_entry_oklob_enclosed,
          serial_bayou_shore_b, grunt_megastairs_1
Lair:6:   minmay_lair_end_enchanted_forest, layout_regular_city,
          portal_ice_cave_entry_ice_beasts, minivault_11,
          chequers_serial_rivers_micro_a, bh_autumn_forest_stairs,
          eino_small_chamber_without_monster, minmay_lair_oklob_chamber,
          grunt_megastairs_5
Orc:1:    layout_caves, uniq_maurice

Skill      XL: |  1  2  3  4  5  6  7  8  9 10 11 12 13 14 |
---------------+-------------------------------------------+-----
Armour         | 4 5 6 7 8 10 11 13 14 | 14.8
Shields        | 4 5 6 7 8 10 11 13 14 | 14.8
Fighting       | 4 5 6 7 8 10 11 12 14 | 14.7
Dodging        | 1 2 3 4 5 |  5.0
Axes           | 3 4 5 6 |  6.9
Spellcasting   | 1 2 3 4 5 6 |  6.1
Maces & Flails | 2 4 6 7 8 9 |  9.4

Action                   |  1- 3 |  4- 6 |  7- 9 | 10-12 | 13-15 || total
-------------------------+-------+-------+-------+-------+-------++-------
Melee: War axe           |    64 |   127 |   181 |       |       ||   372
       Headbutt          |     7 |    19 |    59 |   244 |   229 ||   558
       Whip              |       |       |   134 |   913 |   831 ||  1878
       Battleaxe         |       |       |       |       |     9 ||     9
 Abil: Evoke Flight      |       |       |     1 |       |       ||     1
Evoke: Wand              |       |       |       |       |    16 ||    16
  Use: Scroll            |       |     7 |     5 |     7 |    20 ||    39
       Potion            |       |     3 |     3 |     1 |     2 ||     9
 Stab: Distracted        |       |       |       |       |     1 ||     1
Armor: Scale mail        |    35 |    32 |       |       |       ||    67
       Chain mail        |       |    16 |   132 |       |   167 ||   315
       Plate armour      |       |       |    24 |   323 |   109 ||   456
Dodge: Dodged            |    18 |    41 |    75 |   190 |   219 ||   543
Block: Kite shield       |    45 |    62 |   166 |   496 |   468 ||  1237

Table legend: (Time is in decaauts)
 A = Elapsed time spent in this place.
 B = Non-inter-level travel time spent in this place.
 C = Inter-level travel time spent in this place.
 D = Time resting spent in this place.
 E = Time spent auto-exploring this place.
 F = Levels seen in this place.
 G = Mean time per level.
                   A        B        C        D        E       F      G
               +--------+--------+--------+--------+--------+-----+--------+
         Total |  20415 |  19721 |    694 |   2435 |  12090 |  21 |  972.1 |
       Dungeon |   9788 |   9383 |    405 |    478 |   6488 |  11 |  889.8 |
        Temple |    261 |    231 |     30 |      0 |    229 |   1 |  261.0 |
          Lair |   8773 |   8514 |    259 |   1299 |   5208 |   6 | 1462.2 |
  Orcish Mines |     19 |     19 |      0 |      0 |      2 |   1 |   19.0 |
      Ice Cave |    848 |    848 |      0 |    455 |     28 |   1 |  848.0 |
      Gauntlet |    724 |    724 |      0 |    202 |    133 |   1 |  724.0 |
               +--------+--------+--------+--------+--------+-----+--------+

Top non-repeatable levels by time:
  Lair:6: 2555 daAuts
  Lair:3: 1556 daAuts
  Lair:4: 1332 daAuts
     D:5: 1322 daAuts
     D:7: 1305 daAuts
  Lair:1: 1209 daAuts
    D:11: 1149 daAuts
  Lair:5: 1115 daAuts
     D:2: 1055 daAuts
  Lair:2: 1003 daAuts
     D:6: 935 daAuts
   IceCv: 848 daAuts
     D:8: 823 daAuts
     D:9: 779 daAuts
     D:4: 747 daAuts
